 Dungeon Crawl Stone Soup version 0.24.1-14-gf8d2b509d9 (webtiles) character file.

Game seed: 9945764152800580072, levelgen mode: deterministic

436 DRShiny the Chopper (level 6, -3/56 HPs)
             Began as a Minotaur Berserker on June 2, 2020.
             Was a Believer of Trog.
             Slain by a sky beast (5 damage)
             ... on level 6 of the Dungeon.
             The game lasted 00:27:52 (2831 turns).

DRShiny the Chopper (Minotaur Berserker)            Turns: 2831, Time: 00:27:52

Health: -3/56      AC:  5    Str: 24    XL:     6   Next: 68%
Magic:  5/5        EV: 12    Int:  4    God:    Trog [**....]
Gold:   179        SH:  0    Dex:  9    Spells: 5/5 levels left

rFire    . . .     SeeInvis .   a - +1 hand axe
rCold    . . .     Gourm    .   (no shield)
rNeg     . . .     Faith    .   u - +0 ring mail
rPois    .         Spirit   .   (helmet restricted)
rElec    .         Reflect  .   (no cloak)
rCorr    .         Harm     .   (no gloves)
MR       .....                  (no boots)
Stlth    ..........             (no amulet)
HPRegen  0.18/turn              (no ring)
MPRegen  0.09/turn              (no ring)

@: no status effects
A: retaliatory headbutt, horns 2
a: Berserk, Trog's Hand, Renounce Religion


You were on level 6 of the Dungeon.
You worshipped Trog.
Trog was pleased with you.
You were not hungry.

You visited 1 branch of the dungeon, and saw 4 of its levels.

You collected 179 gold pieces.

Inventory:

Hand Weapons
 a - a +1 hand axe (weapon)
 j - a +0 hand axe
 o - a +2 vampiric whip
 t - a +0 falchion
 w - a +0 mace
Missiles
 i - 52 stones (quivered)
Armour
 b - a +0 animal skin
 r - a +0 helmet
 u - a +0 ring mail (worn)
 v - a +0 scale mail
 B - a +0 leather armour
Scrolls
 e - a scroll of noise {unknown}
 f - a scroll of blinking {unknown}
 g - 2 scrolls of remove curse {unknown}
 h - 2 scrolls of identify {unknown}
 n - a scroll of fear {unknown}
 q - a scroll of random uselessness {unknown}
 s - 2 scrolls of amnesia {unknown}
 x - a scroll of teleportation {unknown}
 y - a scroll of enchant armour {unknown}
Potions
 k - 3 potions of heal wounds {unknown}
 l - 2 potions of might {unknown}
 m - a potion of resistance {unknown}
 p - a potion of brilliance {unknown}
 A - a potion of invisibility {unknown}
Comestibles
 c - 5 rations


   Skills:
 + Level 5.3 Fighting
 * Level 6.4 Axes
 + Level 4.2 Armour
 + Level 3.9 Dodging


You had 5 spell levels left.
You didn't know any spells.
Your spell library was empty.

Dungeon Overview and Level Annotations

Branches:
Dungeon (3/15)

Altars:
Cheibriados
Qazlal

Annotations:
D:1 1 exclusion


Innate Abilities, Weirdness & Mutations

You reflexively headbutt those who attack you in melee.
You have a pair of horns on your head.


Message History

The sky beast closely misses you. You furiously retaliate!
You headbutt the sky beast.
Unknown command.
You closely miss the sky beast.
The sky beast is heavily wounded.
The sky beast flickers out of sight!
Deactivating autopickup; reactivate with Ctrl-A.
Something hits you. Something shocks you.
* * * LOW HITPOINT WARNING * * *
You hit something. You headbutt something. Something hits you.
* * * LOW HITPOINT WARNING * * *
Something shocks you.
* * * LOW HITPOINT WARNING * * *
There is a strange disturbance nearby!
There is a strange disturbance nearby!
There is a strange disturbance nearby!
Something hits you.
* * * LOW HITPOINT WARNING * * *
Something shocks you.
You die...

................ (
...
...[.##.....##....
...
.....##....c##...#
#...#........).....#
##...#.#.$....)..c.##
.....#.####..##.....#
..........##.#
#...c..
.........†...# ......
....$.{@.....# .....
#.....†.....## ...>.
#............... ?...
.........#..#.## ....
.........##...#
.........#..#.#
###.........#.#
........ .


There were no monsters in sight!

Vanquished Creatures
  An ice beast (D:6)
  2 bullfrogs (D:6)
  2 orc wizards
  A centaur skeleton (D:6)
  Terence (D:2)
  A worker ant (D:6)
  3 adders
  3 worms (D:3)
  2 dart slugs
  3 leopard geckos
  5 orcs
  4 bats
  3 goblins
  7 hobgoblins
  3 jackals (D:2)
  3 kobolds
  A quokka (D:6)
  A ball python (D:2)
  5 rats
51 creatures vanquished.

Notes
Turn   | Place    | Note
-------+----------+-------------------------------------------
     0 | D:1      | DRShiny the Minotaur Berserker began the quest for the Orb.
     0 | D:1      | Reached XP level 1. HP: 19/19 MP: 0/0
   381 | D:1      | Reached XP level 2. HP: 25/27 MP: 1/1
   556 | D:1      | Reached skill level 4 in Axes
  1650 | D:2      | Reached XP level 3. HP: 33/33 MP: 2/2
  1895 | D:2      | Noticed Terence
  1904 | D:2      | Killed Terence
  2241 | D:3      | Reached XP level 4. HP: 18/40 MP: 3/3
  2473 | D:3      | Found a stormy altar of Qazlal.
  2481 | D:3      | Reached ** piety under Trog
  2481 | D:3      | Reached skill level 5 in Axes
  2487 | D:3      | Found a snail-covered altar of Cheibriados.
  2588 | D:3      | Reached XP level 5. HP: 43/47 MP: 4/4
  2700 | D:3      | You fall into a shaft and drop 3 floors!
  2771 | D:6      | Reached skill level 5 in Fighting
  2771 | D:6      | Reached XP level 6. HP: 32/56 MP: 5/5
  2810 | D:6      | Noticed an ice beast
  2815 | D:6      | Noticed a sky beast
  2822 | D:6      | Killed an ice beast
  2822 | D:6      | Reached skill level 6 in Axes
  2831 | D:6      | HP: 2/56 [something (2)]
  2831 | D:6      | Slain by a sky beast

Levels and vault maps discovered:
D:1:      dpeg_arrival_concentric_ovals, layout_basic
D:2:      layout_loops_ring, first_ration, nrook_mini_vaults,
          kennysheep_cross_bottleneck, uniq_terence
D:3:      layout_basic, nicolae_overflow_hidden_temple
D:6:      layout_cave_pools, serial_shops, shop

Skill      XL: |  1  2  3  4  5  6 |
---------------+-------------------+-----
Axes           | 4 5 6 |  6.4
Fighting       | 4 5 |  5.3
Armour         | 3 4 |  4.2
Dodging        | 3 |  3.9

Action                   |  1- 3 |  4- 6 || total
-------------------------+-------+-------++-------
Melee: Hand axe          |    54 |    84 ||   138
       Headbutt          |     9 |    21 ||    30
Throw: Stone             |    14 |       ||    14
Invok: Berserk           |     1 |     1 ||     2
  Use: Scroll            |       |     1 ||     1
  Eat: Chunk             |     4 |       ||     4
       Ration            |     1 |     1 ||     2
Armor: Animal skin       |     7 |       ||     7
       Ring mail         |     1 |    27 ||    28
Dodge: Dodged            |    31 |    47 ||    78
